 Dungeon Crawl Stone Soup version 0.25-a0-21-ga5a8db46c7 (webtiles) character file.

Game seed: 17515859279909985807, levelgen mode: deterministic

1335 Kohma the Covert (level 8, -2/39 HPs)
             Began as a Spriggan Enchanter on Oct 16, 2019.
             Was a Follower of Kikubaaqudgha.
             Slain by a wight
             ... wielding a +0 spear
              (7 damage)
             ... on level 6 of the Dungeon.
             The game lasted 00:23:30 (9194 turns).

Kohma the Covert (Spriggan Enchanter)               Turns: 9194, Time: 00:23:31

Health: -2/39      AC:  3    Str:  4    XL:     8   Next: 35%
Magic:  7/15       EV: 20    Int: 19    God:    Kikubaaqudgha [*.....]
Gold:   416        SH:  0    Dex: 16    Spells: 6/15 levels left

rFire    . . .     SeeInvis +   a - +1 dagger
rCold    + . .     Gourm    .   (shield restricted)
rNeg     . . .     Faith    .   q - +1 robe
rPois    .         Spirit   .   (helmet restricted)
rElec    .         Reflect  .   (no cloak)
rCorr    .         Harm     .   (gloves unavailable)
MR       +....                  (boots unavailable)
Stlth    +++++.....             y - amulet of magic regeneration
HPRegen  0.13/turn              c - ring of stealth
MPRegen  0.39/turn              F - ring of protection from cold

@: drained, very quick
A: very small, unfitting armour, see invisible, herbivore, speed 3, slow
metabolism 2
a: Receive Corpses, Renounce Religion


You were on level 6 of the Dungeon.
You worshipped Kikubaaqudgha.
Kikubaaqudgha was aware of your devotion.
You were very hungry.

You visited 2 branches of the dungeon, and saw 7 of its levels.
You also visited: Sewer.

You collected 416 gold pieces.

Inventory:

Hand Weapons
 a - a +1 dagger (weapon)
 b - a +1 hunting sling of velocity
Missiles
 g - 125 stones
 s - 23 poisoned darts (quivered)
 w - 33 sling bullets
 E - a throwing net
Armour
 q - a +1 robe (worn)
Jewellery
 c - a ring of stealth (left hand)
 y - an amulet of magic regeneration (around neck)
 F - a ring of protection from cold (right hand)
Wands
 D - a wand of random effects (21)
Scrolls
 h - 3 scrolls of remove curse
 i - a scroll of magic mapping
 j - a scroll of blinking
 m - a scroll of enchant armour
 x - 7 scrolls of teleportation
Potions
 e - 3 potions of invisibility
 f - a potion of magic
 n - a potion of might
 o - a potion of resistance {unknown}
 p - a potion of haste {unknown}
 r - a potion of heal wounds {unknown}
 t - 2 potions of flight
 u - a potion of lignification {unknown}
 z - 6 potions of brilliance
 B - a potion of agility
Comestibles
 d - 5 rations


   Skills:
 + Level 2.3(1.7) Fighting
 - Level 5.0(4.3) Short Blades
 + Level 5.3(4.7) Dodging
 - Level 8.2(7.5) Stealth
 - Level 4.1(3.4) Spellcasting
 - Level 8.1(7.4) Hexes


You had 6 spell levels left.
You knew the following spells:

 Your Spells              Type           Power        Failure   Level  Hunger
a - Corona                Hex            ####...      1%          1    None
b - Ensorcelled Hibernat  Hex/Ice        ###...       4%          2    ##.....
c - Dazzling Spray        Conj/Hex       ###...       10%         3    ###....
d - Confuse               Hex            ####....     1%          3    ###....

Your spell library contained the following spells:

 Spells                   Type           Power        Failure   Level  Hunger
 Tukima's Dance           Hex            ####....     1%          3    ###....
 Freeze                   Ice            #...         14%         1    None
 Pain                     Necr           #...         14%         1    None
 Corpse Rot               Necr           N/A          22%         2    ##.....
 Sublimation of Blood     Necr           #.........   22%         2    ##.....
 Throw Frost              Conj/Ice       #.....       22%         2    ##.....
 Ozocubu's Armour         Chrm/Ice       #.......     41%         3    ###....
 Regeneration             Chrm/Necr      #.........   41%         3    ###....
 Summon Ice Beast         Ice/Summ       #.......     82%         4    ####...
 Throw Icicle             Conj/Ice       #.......     82%         4    ####...


Dungeon Overview and Level Annotations

Branches:
Dungeon (6/15)             Temple (1/1) D:5           Sewer (visited)

Altars:
Cheibriados
Gozag
Kikubaaqudgha
Makhleb
Nemelex Xobeh
Okawaru
Qazlal
Sif Muna
Vehumet
Xom
Yredelemnul

Annotations:
D:5 3 runed translucent doors, Tagedieb's ghost, novice OpEn


Innate Abilities, Weirdness & Mutations

You are very small and have problems with some larger weapons.
You are too small for most types of armour.
You have supernaturally acute eyesight. (SInv)
You are a herbivore.
You cover ground extremely quickly.
You need to consume almost no food.


Message History

The wight hits you from afar with a +0 spear.
You barely miss the wight.
The wight is lightly damaged.
The wight hits you with a +0 falchion! The wight misses you.
You hit the wight but do no damage.
The wight is lightly damaged.
The wight hits the wight with a +0 falchion.
You hit the wight but do no damage.
The wight is lightly damaged.
The wight hits you from afar with a +0 spear!
* * * LOW HITPOINT WARNING * * *
You feel drained.
* * * LOW HITPOINT WARNING * * *
You completely miss the wight.
The wight is lightly damaged.
The wight hits the wight but does no damage.
The wight barely misses itself.
The wight hits you from afar with a +0 spear!
You die...
Kikubaaqudgha rasps: "You have failed me!
Welcome... death!"

#.......).## ####
###.#####..# #..###
#.##.....#
#....######.#.!.....
#..#.....##.........
##.#####............
#..# ####.........
##.# **###........S
#@# *.............
#z###..#.#........
#z#......,.......,
#z..####.###.....,
#('##≈≈###≈#.#..,,
#(#≈≈≈≈≈≈=.#,,,,,*
#(#≈≈≈≈≈≈'≈#,,,***
#.'##≈≈###≈#,,,,,,
##..####.###,,,,**


You could see 3 wights.

Vanquished Creatures
  A sky beast (D:3)
  A phantom (D:5)
  A black bear (D:6)
  2 ogres (D:5)
  A bullfrog (D:6)
  A scorpion (D:5)
  A wight (D:6)
  A howler monkey (D:4)
  2 crimson imps (D:5)
  2 hounds (D:5)
  2 orc priests (D:5)
  An orc wizard (D:4)
  A bullfrog skeleton (D:5)
  An iguana (D:4)
  Ijyb (D:5)
  Terence (D:2)
  2 worker ants (D:4)
  5 gnolls
  8 adders
  7 oozes
  5 worms
  4 dart slugs
  6 leopard geckos
  14 orcs
  10 giant cockroaches
  10 hobgoblins
  18 jackals
  4 quokkas
  4 ball pythons
  15 bats
  8 frilled lizards
  10 goblins
  8 kobolds
  12 rats
170 creatures vanquished.

Vanquished Creatures (others)
  An orc (D:6)
  A frilled lizard (D:1)
2 creatures vanquished.

Grand Total: 172 creatures vanquished

Notes
Turn   | Place    | Note
-------+----------+-------------------------------------------
     0 | D:1      | Kohma the Spriggan Enchanter began the quest for the Orb.
     0 | D:1      | Reached XP level 1. HP: 9/9 MP: 5/5
   319 | D:1      | Reached XP level 2. HP: 13/13 MP: 6/6
   323 | D:1      | Learned a level 2 spell: Ensorcelled Hibernation
   379 | D:1      | Reached skill level 5 in Stealth
   830 | D:1      | Reached XP level 3. HP: 16/16 MP: 8/8
   835 | D:1      | Learned a level 3 spell: Dazzling Spray
  2130 | D:2      | Reached XP level 4. HP: 14/21 MP: 6/9
  3155 | D:2      | Noticed Terence
  3370 | D:2      | Killed Terence
  3370 | D:2      | Reached XP level 5. HP: 24/24 MP: 7/10
  4349 | D:3      | You fall into a shaft and drop 2 floors!
  4349 | D:5      | Entered Level 5 of the Dungeon
  4433 | D:4      | Noticed a sky beast
  4790 | D:3      | Found a sparkling altar of Nemelex Xobeh.
  4790 | D:3      | Found an iron altar of Okawaru.
  5133 | D:3      | Killed a sky beast
  5133 | D:3      | Reached XP level 6. HP: 21/28 MP: 8/11
  5614 | D:3      | Found a sparkling altar of Nemelex Xobeh.
  5616 | D:3      | Found an iron altar of Okawaru.
  5782 | D:4      | Reached skill level 5 in Short Blades
  6646 | D:5      | Reached skill level 5 in Hexes
  6646 | D:5      | Reached XP level 7. HP: 29/32 MP: 5/14
  6728 | D:5      | Found a runed translucent gate.
  6728 | D:5      | Found a runed translucent gate.
  6728 | D:5      | Found a runed translucent gate.
  6756 | D:5      | Learned a level 3 spell: Confuse
  6871 | D:5      | Noticed Tagedieb's ghost (novice OpEn)
  7361 | D:5      | Found a staircase to the Ecumenical Temple.
  7366 | D:5      | Noticed Ijyb
  7375 | D:5      | Killed Ijyb
  7401 | Temple   | Entered the Ecumenical Temple
  7407 | Temple   | Became a worshipper of Kikubaaqudgha
  7836 | D:5      | Reached XP level 8. HP: 25/37 MP: 5/15
  8092 | D:5      | Found a shimmering blue altar of Sif Muna.
  8195 | D:6      | Reached skill level 1 in Fighting
  8327 | D:6      | Found a glowing drain.
  8335 | Sewer    | Entered a sewer
  8630 | Sewer    | Reached * piety under Kikubaaqudgha
  8630 | Sewer    | Identified Kikubaaqudgha's Almanac of Darkness
                  | (Kikubaaqudgha gifted it to you in a sewer)
  8630 | Sewer    | Received a gift from Kikubaaqudgha
  8893 | Sewer    | Reached skill level 5 in Dodging
  9194 | D:6      | Slain by a wight

Levels and vault maps discovered:
D:1:      mrwooster_arrival_arrow, layout_loops_ring, minmay_tetromino_l2
D:2:      minmay_razor_zed, layout_basic, uniq_terence
D:3:      layout_rooms, gammafunk_temple_overflow_statue, first_ration
D:4:      layout_rooms
D:5:      layout_rooms, lemuel_blue_sif_altar, minmay_temple_entry_nine_rooms,
          gammafunk_ghost_icy, uniq_ijyb
D:6:      layout_rooms, gup_sewer_entry_bowl, serial_bayou_pond_b,
          minmay_misc_feat_ornament, uniq_menkaure
Temple:   eino_narrow_crystal_temple

Skill      XL: |  1  2  3  4  5  6  7  8 |
---------------+-------------------------+-----
Stealth        | 5 6 7 8 |  8.2
Short Blades   | 2 3 4 5 |  5.0
Spellcasting   | 4 |  4.1
Hexes          | 5 8 |  8.1
Fighting       | 2 |  2.3
Dodging        | 5 |  5.3

Action                   |  1- 3 |  4- 6 |  7- 9 || total
-------------------------+-------+-------+-------++-------
Melee: Dagger            |   186 |   209 |   125 ||   520
 Fire: Hunting sling     |       |    17 |     3 ||    20
Throw: Stone             |     1 |       |       ||     1
       Dart              |       |     1 |       ||     1
 Cast: Corona            |     2 |       |       ||     2
       Ensorcelled Hiber |    24 |    79 |    55 ||   158
       Dazzling Spray    |       |       |     3 ||     3
       Confuse           |       |       |     6 ||     6
  Use: Scroll            |       |     2 |    14 ||    16
       Potion            |       |       |     3 ||     3
 Stab: Sleeping          |    16 |    52 |    38 ||   106
       Distracted        |       |     3 |       ||     3
       Confused          |       |       |     2 ||     2
  Eat: Ration            |       |     5 |     2 ||     7
Armor: Robe              |    14 |    24 |    17 ||    55
Dodge: Dodged            |   151 |   220 |   131 ||   502

Table legend:
 A = Non-vault XP
 B = Vault XP
 C = Vault XP percentage of total XP
 D = Non-vault monster count
 E = Vault monster count
 F = Vault count percentage of total count
                 A         B        C        D         E       F
            +---------+---------+-------+---------+---------+-------
      Total |    1695 |     213 |  11.2 |     126 |      45 |  26.3
            +---------+---------+-------+---------+---------+-------
        D:1 |      65 |       4 |   5.8 |      35 |       2 |   5.4
        D:2 |      95 |      77 |  44.8 |      23 |      13 |  36.1
        D:3 |     182 |       0 |   0.0 |      24 |       0 |   0.0
        D:4 |     265 |       0 |   0.0 |      23 |       0 |   0.0
        D:5 |     803 |      36 |   4.3 |      15 |       1 |   6.2
        D:6 |     285 |       9 |   3.1 |       6 |       4 |  40.0
      Sewer |       0 |      87 | 100.0 |       0 |      25 | 100.0
            +---------+---------+-------+---------+---------+-------
